 Dungeon Crawl Stone Soup version 0.20-a0-830-g2c9a30d (webtiles) character file.

38 nubinia the Grasshopper (level 3, -4/18 HPs)
             Began as a Spriggan Warper on Mar 6, 2017.
             Slain by a worm (12 damage)
             ... on level 2 of the Dungeon.
             The game lasted 00:07:56 (1633 turns).

nubinia the Grasshopper (Spriggan Warper)           Turns: 1633, Time: 00:07:57

Health: -4/18      AC:  2    Str:  7    XL:     3   Next: 25%
Magic:  6/8        EV: 19    Int: 15    God:
Gold:   22         SH:  0    Dex: 15    Spells: 4/8 levels left

rFire    . . .     SeeInvis +   k - +0 dagger (flame)
rCold    . . .     Gourm    .   b - +0 robe
rNeg     . . .     Faith    .   (shield restricted)
rPois    .         Spirit   .   (helmet restricted)
rElec    .         Reflect  .   (no cloak)
rCorr    .         Harm     .   (gloves unavailable)
MR       .....                  (boots unavailable)
Stlth    ++........             (no amulet)
Regen    0.1/turn               (no ring)
MPRegen  0.2/turn               (no ring)

@: shrouded, very quick
A: unfitting armour, see invisible, herbivore 3, speed 3, slow metabolism 2
a: no special abilities


You were on level 2 of the Dungeon.
You were not hungry.

You visited 1 branch of the dungeon, and saw 2 of its levels.

You collected 22 gold pieces.

Inventory:

Hand Weapons
 a - a +0 short sword
 k - a +0 dagger of flaming (weapon)
 p - a +0 dagger of speed
Missiles
 e - 5 tomahawks of dispersal
 g - 56 stones (quivered)
 n - 11 sling bullets
 q - 20 poisoned needles
Armour
 b - a +0 robe (worn)
Scrolls
 d - a scroll of blinking
 j - a scroll of remove curse {unknown}
 l - a scroll of identify {unknown}
 m - a scroll of recharging {unknown}
 o - a scroll of noise {unknown}
Books
 c - a book of Spatial Translocations

   Spells                             Type                      Level
   a - Blink                          Translocation                2
   b - Shroud of Golubria             Charms/Translocation         2
   c - Lesser Beckoning               Translocation                3
   d - Gell's Gravitas                Translocation                3
   e - Teleport Other                 Translocation                3
   f - Passage of Golubria            Translocation                4
Comestibles
 f - 2 bread rations
 h - a royal jelly
 i - 3 fruits


   Skills:
 + Level 1.9 Fighting
 + Level 2.6 Short Blades
 + Level 1.1 Throwing
 + Level 4.0 Dodging
 + Level 1.4 Stealth
 + Level 3.1 Spellcasting
 + Level 4.4 Translocations


You had 4 spell levels left.
You knew the following spells:

 Your Spells              Type           Power        Failure   Level  Hunger
a - Blink                 Tloc           N/A          6%          2    ##.....
g - Shroud of Golubria    Chrm/Tloc      #.........   12%         2    ##.....


Dungeon Overview and Level Annotations

Branches:
Dungeon (2/15)

Altars:


Innate Abilities, Weirdness & Mutations

You are very small and have problems with some larger weapons.
You are too small for most types of armour.
You have supernaturally acute eyesight. (SInv)
You are a herbivore.
You cover ground extremely quickly.
You need consume almost no food.


Message History

Confirm with . or Enter, or press ? or * to list all spells.
Space distorts slightly along a thin shroud covering your body.
Throwing (i - inventory. (,) - cycle):
g - 58 stones (quivered)
Press: ? - help, Shift-Dir - straight line, f/p - worm
Aim: a worm (heavily wounded)
You throw a stone.
The stone hits the worm but does no damage.
The worm is heavily wounded.
Throwing (i - inventory. (,) - cycle):
g - 57 stones (quivered)
Press: ? - help, Shift-Dir - straight line, f/p - worm
Aim: a worm (heavily wounded)
You throw a stone. The stone hits the worm.
The worm is heavily wounded.
You hit the worm. You burn the worm.
The worm is heavily wounded.
You completely miss the worm.
The worm is heavily wounded.
The worm bites you!
Ouch! That really hurt!
You die...

############### #.(((((..((w@.#
#(###########.#
####'###.....#...#
#............#.###############
#...(........#...............###
##............###########........
..................#...........##.
.......##....####.#.##..#....#.#.
...(((.##.........#. #..#......#.


You could see a worm.

Vanquished Creatures
  A dart slug (D:1)
  A leopard gecko (D:1)
  A ball python (D:2)
  7 bats
  3 giant cockroaches (D:1)
  3 goblins
  3 hobgoblins
  7 kobolds
  2 frilled lizards (D:2)
  5 rats (D:1)
33 creatures vanquished.

Notes
Turn   | Place    | Note
-------+----------+-------------------------------------------
     0 | D:1      | nubinia the Spriggan Warper began the quest for the Orb.
     0 | D:1      | Reached XP level 1. HP: 10/10 MP: 5/5
   435 | D:1      | Reached XP level 2. HP: 13/15 MP: 6/6
   451 | D:1      | Learned a level 2 spell: Blink
   454 | D:1      | Learned a level 2 spell: Shroud of Golubria
  1205 | D:2      | Reached XP level 3. HP: 8/18 MP: 3/8
  1409 | D:2      | Reached skill level 1 in Stealth
  1633 | D:2      | Slain by a worm

Vault maps used:
D:1:      noname_arrival_rooms_in_the_neighbourhood, minivault_14
D:2:      old_standard_altar

Skill      XL: |  1  2  3 |
---------------+----------+-----
Dodging        | 4 |  4.0
Spellcasting   | 3 |  3.1
Stealth        | 1 |  1.4
Fighting       | |  1.9
Short Blades   | |  2.6
Throwing       | |  1.1
Translocations | |  4.4

Action                   || total
-------------------------++-------
Melee: Short sword       ||    31
       Dagger            ||   125
Throw: Stone             ||    30
 Cast: Shroud of Golubri ||    11
       Blink             ||     1
 Stab: Sleeping          ||     3
Armor: Robe              ||    14
Dodge: Dodged            ||   103
